[Event "FIDE Chesscom Grand Swiss 2019"]
[Site "Douglas-Isle of Man"]
[Date "2019.10.18"]
[Round "8.10"]
[White "Hess, Robert"]
[Black "Nabaty, Tamir"]
[Result "0-1"]
[ECO "D45"]
[WhiteElo "2581"]
[BlackElo "2658"]
[Annotator "RC"]
[PlyCount "58"]
[EventDate "2019.10.10"]
[EventType "swiss"]
[EventCountry "GBR"]
[SourceTitle "playchess.com"]
[Source "ChessBase"]
[SourceQuality "1"]
[TimeControl "40/6000+30:20/3000+30:900+30"]

1. c4 e6 2. Nf3 d5 3. e3 Nf6 4. b3 Bd6 5. Bb2 O-O 6. Nc3 Nbd7 7. d4 c6 8. Qc2 Qe7 9. O-O-O dxc4 10. Bxc4 b5 11. Bd3 a5 12. g4 g6 13. g5 Nd5 14. Nxd5 cxd5 15. Bxb5 Ba6 16. Bxa6 Rxa6 17. Rd3 a4 18. Kb1 axb3 19. axb3 Rfa8 20. Rc3 Nb6 21. Rc1 Qa7 22. Qd3 Ra2 23. Rc5 Bxc5 24. dxc5 Nc4 25. bxc4 Rxb2+ 26. Kxb2 Qa2+ 27. Kc3 d4+ 28. Kxd4 Rd8+ 29. Ke4 Qa8+ 0-1

[Event "FIDE Chesscom Grand Swiss 2019"]
[Site "Douglas-Isle of Man"]
[Date "2019.10.18"]
[Round "8.27"]
[White "Munguntuul, Batkhuyag"]
[Black "Christiansen, Johan-Sebastian"]
[Result "1/2-1/2"]
[ECO "C11"]
[WhiteElo "2421"]
[BlackElo "2558"]
[Annotator "ChessBase"]
[PlyCount "93"]
[EventDate "2019.10.10"]
[EventType "swiss"]
[EventCountry "GBR"]
[SourceTitle "playchess.com"]
[Source "ChessBase"]
[SourceQuality "1"]
[TimeControl "40/6000+30:20/3000+30:900+30"]

1. e4 e6 2. d4 d5 3. Nc3 Nf6 4. e5 Nfd7 5. f4 c5 6. Nf3 Nc6 7. Be3 Be7 8. a3 Qb6 9. Be2 O-O 10. O-O cxd4 11. Nxd4 Bc5 12. Ncb5 Nxd4 13. Bxd4 a6 14. b4 Bxd4+ 15. Nxd4 f6 16. Bg4 Nxe5 17. fxe5 fxe5 18. Rxf8+ Kxf8 19. Qf3+ Ke7 20. Rf1 Qxd4+ 21. Kh1 Bd7 22. Qf7+ Kd6 23. Qxg7 Rc8 24. Bd1 Qe4 25. Qg3 Qg6 26. Qf2 d4 27. Re1 Qf5 28. Qh4 Bc6 29. Qg3 Rf8 30. h3 Rf6 31. c4 Rg6 32. Bg4 Qf4 33. Qh4 Qf6 34. Qxh7 Rg7 35. Qh8 Kc7 36. Qh5 Rg5 37. Qh7+ Rg7 38. Qh5 Rg5 39. Qh7+ Kb8 40. b5 axb5 41. cxb5 Bxb5 42. Bf3 Ba6 43. Qd7 Rf5 44. Qd6+ Ka7 45. Qc5+ Kb8 46. Qd6+ Ka7 47. Qc5+ 1/2-1/2

[Event "FIDE Chesscom Grand Swiss 2019"]
[Site "Douglas-Isle of Man"]
[Date "2019.10.18"]
[Round "8.30"]
[White "Sjugirov, Sanan"]
[Black "Abdusattorov, Nodirbek"]
[Result "1/2-1/2"]
[ECO "B90"]
[WhiteElo "2662"]
[BlackElo "2608"]
[Annotator "RC"]
[PlyCount "101"]
[EventDate "2019.10.10"]
[EventType "swiss"]
[EventCountry "GBR"]
[SourceTitle "playchess.com"]
[Source "ChessBase"]
[SourceQuality "1"]
[TimeControl "40/6000+30:20/3000+30:900+30"]

1. e4 c5 2. Nf3 d6 3. d4 cxd4 4. Nxd4 Nf6 5. Nc3 a6 6. h3 e5 7. Nb3 b5 8. a4 b4 9. Nd5 Be6 10. Bg5 Nbd7 11. Nxb4 Qb6 12. Nd5 Nxd5 13. exd5 Qb4+ 14. c3 Qe4+ 15. Be3 Bxd5 16. c4 Bb7 17. Qd2 Be7 18. Na5 Bd8 19. Nxb7 Qxb7 20. Be2 Rb8 21. O-O Bc7 22. Rfb1 Qb4 23. Qxb4 Rxb4 24. Bd2 Ba5 25. Bxb4 Bxb4 26. b3 Ke7 27. Ra2 Nc5 28. Bd1 Ne4 29. Rc1 Bd2 30. Rcc2 Bb4 31. Rc1 Nc5 32. Bc2 g6 33. g3 f5 34. Kg2 Ne6 35. Bd1 a5 36. Rb1 Nd4 37. f3 Kf6 38. Rf2 g5 39. Bc2 h5 40. Rh1 h4 41. g4 f4 42. Rb1 Rb8 43. Be4 Ke7 44. Rff1 Kd7 45. Rfd1 Kc7 46. Rd3 Bc5 47. Kf1 Nc2 48. Rd2 Nd4 49. Rd3 Bb4 50. Rbd1 Bc5 51. Rb1 1/2-1/2

[Event "FIDE Chesscom Grand Swiss 2019"]
[Site "Douglas-Isle of Man"]
[Date "2019.10.18"]
[Round "8.36"]
[White "Stefanova, Antoaneta"]
[Black "Arkell, Keith C"]
[Result "1-0"]
[ECO "B11"]
[WhiteElo "2479"]
[BlackElo "2447"]
[Annotator "ChessBase"]
[PlyCount "101"]
[EventDate "2019.10.10"]
[EventType "swiss"]
[EventCountry "GBR"]
[SourceTitle "playchess.com"]
[Source "ChessBase"]
[SourceQuality "1"]
[TimeControl "40/6000+30:20/3000+30:900+30"]

1. e4 c6 2. Nc3 d5 3. Nf3 Bg4 4. h3 Bxf3 5. Qxf3 dxe4 6. Nxe4 Nd7 7. b4 Ngf6 8. b5 Qc7 9. Bb2 Nxe4 10. Qxe4 e6 11. g4 Nf6 12. Qf3 Rd8 13. Bg2 cxb5 14. Qxb7 Qxb7 15. Bxb7 Bb4 16. Bc6+ Kf8 17. O-O-O a6 18. f4 Nd5 19. f5 exf5 20. gxf5 f6 21. Rhg1 Nf4 22. Rg4 Bd6 23. Rf1 Nd3+ 24. Kb1 Nxb2 25. Kxb2 Be5+ 26. Kc1 Rd6 27. Bb7 Kf7 28. Rfg1 Rg8 29. Bc8 g5 30. Be6+ Rxe6 31. fxe6+ Kxe6 32. a4 h5 33. Rb4 Bd6 34. Rb3 bxa4 35. Rb6 g4 36. Rxa6 a3 37. hxg4 hxg4 38. Rg3 Rg5 39. Rd3 Rd5 40. Rxd5 Kxd5 41. c4+ Ke5 42. d4+ Ke6 43. c5 g3 44. cxd6 g2 45. d7+ Kf7 46. d8=Q g1=Q+ 47. Kc2 Qg2+ 48. Kb3 Qb2+ 49. Ka4 Qc2+ 50. Ka5 Qf5+ 51. Kb6 1-0

[Event "FIDE Chesscom Grand Swiss 2019"]
[Site "Douglas-Isle of Man"]
[Date "2019.10.18"]
[Round "8.37"]
[White "Jansa, Vlastimil"]
[Black "Prithu Gupta"]
[Result "0-1"]
[ECO "C70"]
[WhiteElo "2452"]
[BlackElo "2493"]
[Annotator "ChessBase"]
[PlyCount "82"]
[EventDate "2019.10.10"]
[EventType "swiss"]
[EventCountry "GBR"]
[SourceTitle "playchess.com"]
[Source "ChessBase"]
[SourceQuality "1"]
[TimeControl "40/6000+30:20/3000+30:900+30"]

1. e4 e5 2. Nf3 Nc6 3. Bb5 g6 4. c3 a6 5. Ba4 Bg7 6. d4 exd4 7. cxd4 b5 8. Bc2 d6 9. h3 Nf6 10. O-O O-O 11. Re1 Bb7 12. Nc3 Re8 13. Bg5 h6 14. Bh4 Na5 15. a3 Nc4 16. Qc1 g5 17. Bg3 c5 18. d5 Nh5 19. Bh2 Bc8 20. Bd3 Ne5 21. Nxe5 Bxe5 22. Bxe5 Rxe5 23. Qd2 Nf4 24. Bf1 Qf6 25. Re3 Bd7 26. Rf3 Qg7 27. b4 Rc8 28. Rc1 Ree8 29. Re3 Rc7 30. Ne2 c4 31. Rcc3 Bc8 32. Nd4 Rce7 33. f3 Bd7 34. Kh2 f5 35. Nxf5 Bxf5 36. exf5 Rxe3 37. Rxe3 Rxe3 38. Qxe3 Qe5 39. Qa7 Nxd5+ 40. g3 Ne3 41. Bg2 Nxf5 0-1

[Event "FIDE Chesscom Grand Swiss 2019"]
[Site "Douglas-Isle of Man"]
[Date "2019.10.18"]
[Round "8.38"]
[White "Movsziszian, Karen"]
[Black "Sebag, Marie"]
[Result "1-0"]
[ECO "A07"]
[WhiteElo "2475"]
[BlackElo "2445"]
[Annotator "ChessBase"]
[PlyCount "71"]
[EventDate "2019.10.10"]
[EventType "swiss"]
[EventCountry "GBR"]
[SourceTitle "playchess.com"]
[Source "ChessBase"]
[SourceQuality "1"]
[TimeControl "40/6000+30:20/3000+30:900+30"]

1. g3 d5 2. Nf3 g6 3. Bg2 Bg7 4. O-O e5 5. d3 Ne7 6. c3 a5 7. a4 O-O 8. e4 Nbc6 9. Na3 h6 10. Nb5 Be6 11. Be3 Qd7 12. Bc5 Rfe8 13. Qc2 b6 14. Ba3 Rad8 15. Rfe1 f5 16. Rad1 Kh7 17. h4 Ng8 18. c4 dxe4 19. dxe4 Qf7 20. h5 g5 21. Nxc7 f4 22. Nxe8 Rxe8 23. Rd6 Rc8 24. c5 bxc5 25. Qxc5 Nge7 26. Qb5 Rb8 27. Qd3 Bg4 28. Rc1 Nb4 29. Bxb4 Rxb4 30. Nh2 Be6 31. Qa6 fxg3 32. fxg3 Bc4 33. Qa7 Rxb2 34. Rd7 Bf8 35. Ng4 Kg8 36. Rxe7 1-0

[Event "FIDE Chesscom Grand Swiss 2019"]
[Site "Douglas-Isle of Man"]
[Date "2019.10.18"]
[Round "8.40"]
[White "Kolbus, Dietmar"]
[Black "Cramling, Pia"]
[Result "1/2-1/2"]
[ECO "A14"]
[WhiteElo "2300"]
[BlackElo "2462"]
[Annotator "ChessBase"]
[PlyCount "78"]
[EventDate "2019.10.10"]
[EventType "swiss"]
[EventCountry "GBR"]
[SourceTitle "playchess.com"]
[Source "ChessBase"]
[SourceQuality "1"]
[TimeControl "40/6000+30:20/3000+30:900+30"]

1. c4 e6 2. Nf3 Nf6 3. g3 d5 4. Bg2 Be7 5. O-O O-O 6. b3 b6 7. Bb2 Bb7 8. cxd5 Nxd5 9. Nc3 Nf6 10. d4 Nbd7 11. Rc1 c5 12. dxc5 Nxc5 13. Qxd8 Rfxd8 14. Rfd1 a6 15. Ne5 Bxg2 16. Kxg2 Rxd1 17. Rxd1 Rc8 18. Rc1 Bf8 19. Na4 b5 20. Nxc5 Rxc5 21. Rxc5 Bxc5 22. Nd3 Be7 23. Bd4 Nd7 24. e4 f5 25. f3 Kf7 26. g4 g6 27. Ne5+ Nxe5 28. Bxe5 fxg4 29. fxg4 Ke8 30. Kf3 Kd7 31. h3 Bg5 32. Ke2 Kc6 33. Bd4 Bf4 34. Kd3 Bc7 35. Be3 Be5 36. Bf2 Bf6 37. Be3 Be5 38. Bf2 Bf6 39. Be3 Be5 1/2-1/2

[Event "FIDE Chesscom Grand Swiss 2019"]
[Site "Douglas-Isle of Man"]
[Date "2019.10.18"]
[Round "8.42"]
[White "Allen, Keith"]
[Black "Dahl, Baard"]
[Result "1/2-1/2"]
[ECO "D85"]
[WhiteElo "2161"]
[BlackElo "2067"]
[Annotator "NA"]
[PlyCount "89"]
[EventDate "2019.10.10"]
[EventType "swiss"]
[EventCountry "GBR"]
[SourceTitle "playchess.com"]
[Source "ChessBase"]
[SourceQuality "1"]
[TimeControl "40/6000+30:20/3000+30:900+30"]

1. d4 Nf6 2. c4 g6 3. Nc3 d5 4. cxd5 Nxd5 5. e4 Nxc3 6. bxc3 Bg7 7. Qa4+ Nd7 8. Nf3 c5 9. Bg5 O-O 10. Be2 h6 11. Bh4 g5 12. Bg3 cxd4 13. Nxd4 Nc5 14. Qc2 Qa5 15. O-O Na4 16. Rac1 Bd7 17. Rfd1 Rfd8 18. c4 Rac8 19. f3 e5 20. Nb3 Qc7 21. c5 Bf8 22. Rd5 f6 23. Qc4 Kg7 24. Bf2 Bc6 25. Rc2 Qf7 26. Rxd8 Qxc4 27. Bxc4 Rxd8 28. Kf1 b6 29. cxb6 Nxb6 30. Ba6 Ba4 31. Rc7+ Rd7 32. Rxd7+ Bxd7 33. Nc5 Bc8 34. Bxc8 Nxc8 35. Ne6+ Kf7 36. Nxf8 Kxf8 37. Bc5+ Ke8 38. g4 a6 39. Ke2 Ne7 40. Bxe7 Kxe7 41. Kd3 Kd6 42. Kc4 Kc6 43. Kb4 Kb6 44. a3 Kc6 45. a4 1/2-1/2

[Event "FIDE Chesscom Grand Swiss 2019"]
[Site "Douglas-Isle of Man"]
[Date "2019.10.18"]
[Round "8.43"]
[White "Shirov, Alexei"]
[Black "Yu, Yangyi"]
[Result "1/2-1/2"]
[ECO "B45"]
[WhiteElo "2664"]
[BlackElo "2763"]
[Annotator "RC"]
[PlyCount "88"]
[EventDate "2019.10.10"]
[EventType "swiss"]
[EventCountry "GBR"]
[SourceTitle "playchess.com"]
[Source "ChessBase"]
[SourceQuality "1"]
[TimeControl "40/6000+30:20/3000+30:900+30"]

1. e4 c5 2. Nf3 e6 3. d4 cxd4 4. Nxd4 Nc6 5. Nc3 Nf6 6. Nxc6 bxc6 7. e5 Nd5 8. Ne4 Qc7 9. f4 Qb6 10. c4 Bb4+ 11. Ke2 f5 12. exf6 Nxf6 13. Be3 Qd8 14. Nd6+ Bxd6 15. Qxd6 Bb7 16. g4 c5 17. Rg1 Ne4 18. Qe5 Qh4 19. Bg2 Qxg4+ 20. Bf3 Nc3+ 21. Kd3 Qxf3 22. Kxc3 Rg8 23. Rg3 Qc6 24. Bxc5 O-O-O 25. Bd6 Ba6 26. b3 Kb7 27. Rd1 Rc8 28. Rxg7 Rxg7 29. Qxg7 Bxc4 30. Kb2 Be2 31. Re1 Qxd6 32. Rxe2 Qd1 33. Qg2+ Rc6 34. a4 Qd4+ 35. Ka2 Qxf4 36. Qg7 Rd6 37. Qxh7 Rd1 38. Qh5 Qd4 39. Rb2 e5 40. h4 Rd2 41. Rxd2 Qxd2+ 42. Ka3 Qc1+ 43. Ka2 Qc2+ 44. Ka3 Qc1+ 1/2-1/2